 Dungeon Crawl Stone Soup version 0.20-a0-957-g47ad1fd (webtiles) character file.

167699 Hybris the Convoker (level 17, 0/126 HPs)
             Began as a Barachi Summoner on Apr 5, 2017.
             Was an Elder of Hepliaklqana.
             Succumbed to a sea snake's poison
             ... on level 2 of the Shoals.
             The game lasted 05:25:52 (60058 turns).

Hybris the Convoker (Barachi Summoner)             Turns: 60058, Time: 05:25:52

Health: 0/126      AC: 31    Str: 17    XL:     17   Next: 93%
Magic:  31/31      EV:  9    Int: 18    God:    Hepliaklqana [****..]
Gold:   114        SH: 16    Dex: 19    Spells: 4/36 levels left

rFire    . . .     SeeInvis .   H - +9 long sword of the Middle {pain, MR+ Str+7}
rCold    + . .     Gourm    .   A - +5 shield
rNeg     . . .     Faith    .   N - +9 scale mail "Ykhujy" {rC+}
rPois    .         Spirit   .   r - +0 helmet
rElec    .         Reflect  .   k - +0 cloak
rCorr    .         Harm     .   t - +0 pair of gloves
MR       ++...                  v - +2 pair of boots
Stlth    ..........             W - amulet of magic regeneration
Regen    0.4/turn               M - +5 ring of protection
MPRegen  0.4/turn               y - ring of wizardry

@: lethally poisoned (0 -> -12), heavily drained, slow
A: +LOS, swims, reduced essence, fangs 1, rugged brown scales 1, agile 1,
slowness 1, wild magic 1, strong legs 2
a: Hop, Recall Ancestor, Ancestor Identity, Transference, Idealise, Renounce
Religion


You were on level 2 of the Shoals.
You worshipped Hepliaklqana.
Hepliaklqana was greatly pleased with you.
You were completely stuffed.

You visited 8 branches of the dungeon, and saw 31 of its levels.

You collected 2358 gold pieces.
You spent 2244 gold pieces at shops.

Inventory:

Hand Weapons
 H - the +9 long sword of the Middle (weapon) {pain, MR+ Str+7}
   (You found it on level 13 of the Dungeon)

   In the hands of one skilled in necromantic magic, it inflicts extra damage on
   living creatures.
   It affects your strength (+7).
   It affects your resistance to hostile enchantments.
 Q - a +9 whip of electrocution
Armour
 k - a +0 cloak (worn)
 r - a +0 helmet (worn)
 t - a +0 pair of gloves (worn)
 v - a +2 pair of boots (worn)
 A - a +5 shield (worn)
 N - the +9 scale mail "Ykhujy" (worn) {rC+}
   (You bought it in a shop on level 2 of the Orcish Mines)

   It protects you from cold.
Jewellery
 y - a ring of wizardry (right hand)
 M - a +5 ring of protection (left hand)
 O - a +6 ring of strength
 W - an amulet of magic regeneration (around neck)
Wands
 b - a wand of flame (10/48)
 h - a wand of digging (14/24)
 n - a wand of paralysis (12/24)
 w - a wand of iceblast (7/15)
 E - a wand of lightning (1/15)
 G - a wand of clouds (3/9)
 I - a wand of scattershot (0/9)
 J - a wand of digging (17/24)
 K - a wand of lightning (6/15)
 U - a wand of enslavement (8/24)
 V - a wand of scattershot (0/9)
Scrolls
 f - 3 scrolls of magic mapping
 i - a scroll of recharging
 j - 4 scrolls of fog
 o - 4 scrolls of remove curse
 p - 4 scrolls of enchant armour
 q - 21 scrolls of identify
 u - 6 scrolls of amnesia
 L - a scroll of holy word
 S - a scroll of fear
 T - a scroll of silence
Potions
 l - 4 potions of brilliance
 z - 2 potions of haste
 D - 3 potions of flight
Books
 a - Roxanne's Incunabulum of Transmigration
   (You took it off Roxanne on level 1 of the Shoals)

   Spells                             Type                      Level
   a - Beastly Appendage              Transmutation                1
   b - Passwall                       Transmutation/Earth          2
   c - Blade Hands                    Transmutation                5
   d - Alistair's Intoxication        Transmutation/Poison         5
   e - Statue Form                    Transmutation/Earth          6
 g - a book of Beasts

   Spells                             Type                      Level
   a - Summon Butterflies             Summoning                    1
   b - Call Canine Familiar           Summoning                    3
   c - Summon Ice Beast               Ice/Summoning                4
   d - Summon Mana Viper              Hexes/Summoning              5
   e - Summon Hydra                   Summoning                    7
Miscellaneous
 P - a lamp of fire (inert)
Comestibles
 d - 5 fruits
 x - 8 meat rations
 B - 4 bread rations


   Skills:
 - Level 13.0(10.7) Fighting
 - Level 14.4(12.0) Long Blades
 - Level 12.6(10.3) Maces & Flails
 - Level 12.4(10.1) Armour
 - Level 3.9(2.1) Dodging
 - Level 1.7(0.0) Stealth
 * Level 9.9(7.8) Shields
 - Level 10.2(8.1) Spellcasting
 - Level 18.0(15.5) Summonings
 - Level 5.7(3.8) Ice Magic
 - Level 6.3(4.4) Air Magic
 - Level 5.0(3.1) Invocations


You had 4 spell levels left.
You knew the following spells:

 Your Spells              Type           Power        Failure   Level  Hunger
a - Summon Small Mammal   Summ           ####         1%          1    None
b - Call Imp              Summ           ######..     1%          2    None
c - Call Canine Familiar  Summ           ######..     1%          3    #......
d - Summon Guardian Gole  Hex/Summ       #####...     6%          3    #......
e - Summon Lightning Spi  Summ/Air       ######..     9%          4    ###....
f - Summon Ice Beast      Ice/Summ       ######..     9%          4    ###....
g - Summon Hydra          Summ           ######....   61%         7    #######
h - Summon Mana Viper     Hex/Summ       #####...     54%         5    #####..
i - Summon Butterflies    Summ           ######..     1%          1    None
j - Passwall              Tmut/Erth      #.........   63%         2    None


Dungeon Overview and Level Annotations

Branches:
Dungeon (15/15)            Temple (1/1) D:4            Lair (6/6) D:10
 Shoals (3/4) Lair:3        Snake (1/4) Lair:3        Slime (1/5) Lair:5
    Orc (2/2) D:10            Elf (2/3) Orc:2        Vaults (0/5) D:13
 Depths (0/5) D:15

Altars:
Ashenzari
Cheibriados
Dithmenos
Elyvilon
Fedhas
Gozag
Hepliaklqana
Kikubaaqudgha
Makhleb
Nemelex Xobeh
Okawaru
Qazlal
Ru
Sif Muna
Trog
Uskayaw
Vehumet
Wu Jian
Xom
Yredelemnul
Zin
The Shining One
Jiyva

Shops:
D:12 *   D:15 *   Orc:2 }[*?   Elf:1 =


Innate Abilities, Weirdness & Mutations

Shadows flee at your approach. (+LOS)
You can swim through water.
You cover ground slowly.
You can hop longer distances.
Your life essence is reduced. (-10% HP)
You have very sharp teeth.
You are partially covered in rugged brown scales. (AC +1, +3% HP)
You are agile. (Dex +2)
Your spells are a little harder to cast, but a little more powerful.


Message History

You feel sick.
Okay, then.
Save game and exit?
Okay, then.
Okay, then.
You feel extremely strange.
You feel stupid.
Your talons dull and shrink into feet.
Rugged brown scales grow over part of your body.
You feel agile.
You feel less in control of your magic.
* * * LOW HITPOINT WARNING * * *
You feel sick.
Unknown command.
* * * LOW HITPOINT WARNING * * *
You feel sick.
Okay, then.
Aim the lamp in which direction?
Press: ? - help, Dir - move target cursor The flames dance!
The trail of fire hits the plant.
The plant is lightly damaged.
You die...

≈≈≈≈≈≈≈≈≈≈≈≈≈≈≈≈≈≈≈≈≈≈≈≈≈≈≈≈≈≈≈≈≈
≈≈≈≈≈≈≈≈≈≈≈≈≈≈≈≈≈≈≈≈≈≈≈≈≈≈≈≈≈≈≈≈≈
≈≈≈≈≈≈≈≈≈≈≈≈≈≈≈≈≈≈≈≈≈≈≈≈≈≈≈≈≈≈≈≈≈
≈≈≈≈≈≈≈≈≈≈≈≈≈≈≈≈≈≈≈≈≈≈≈≈≈≈≈≈≈≈≈≈≈
≈≈≈≈≈≈≈≈≈≈≈≈≈≈≈≈≈≈≈......≈≈≈≈≈≈≈≈
≈≈≈≈≈≈≈≈≈≈P...≈≈.≈≈≈.....≈≈.≈≈≈≈≈
≈≈≈≈≈P≈≈≈≈P.#§.≈≈..≈.....≈≈..≈≈≈≈
≈≈≈≈≈PP≈PP.##.§§≈≈≈≈..#..≈≈≈≈≈≈≈≈
≈≈≈≈P≈PP≈PP###§≈@≈≈≈≈....≈≈..≈≈≈≈
≈≈≈≈≈≈≈≈P≈P...≈P≈P≈≈≈≈≈.≈≈≈≈≈≈≈≈≈
≈≈≈≈P≈...P..≈≈≈§>...≈≈≈≈≈≈≈≈≈≈≈≈≈
...≈.≈......≈...#....≈≈≈.≈≈≈≈≈≈≈.
........PP....P####......≈≈≈≈≈≈≈.
#)....##......## ##.).(≈≈≈≈.≈...
.......##.....# ##(..≈≈≈≈≈≈##.
.......####.P.#### #..≈.≈≈≈≈≈.#.
..[....####......####)≈≈≈≈≈≈≈≈≈.≈


There were no monsters in sight!

Vanquished Creatures
  Frances (Shoals:2)
  Donald (Elf:1)
  Louise (Shoals:1)
  A deep elf annihilator (Elf:1)
  An ettin (D:15)
  A merfolk javelineer (Shoals:1)
  A ragged hierophant (Elf:2)
  A vault guard (D:13)
  2 hydras
  A naga warrior (Snake:1)
  A catoblepas (Shoals:1)
  15 dancing weapons
  2 anacondas
  An alligator snapping turtle (Shoals:2)
  2 merfolk aquamancers
  An ogre mage (Orc:2)
  4 two-headed ogres (Orc:2)
  8 death yaks
  2 deep elf knights
  2 unseen horrors
  4 sea snakes
  2 skeletal warriors (D:15)
  A wizard (D:13)
  A phantasmal warrior (D:11)
  2 deep elf archers (Elf:1)
  7 harpies (Shoals:1)
  11 deep elf magi
  A wolf spider (D:15)
  A mana viper (Snake:1)
  A faun (Shoals:2)
  An orc knight (Orc:2)
  A necromancer (D:13)
  2 orc sorcerers
  A salamander (Snake:1)
  3 ugly things
  8 manticores
  A cyclops (Shoals:2)
  3 merfolk sirens
  6 elephants
  5 black mambas
  4 centaur zombies
  4 water nymphs
  A torpor snail (Lair:6)
  2 gargoyles
  A centaur skeleton (D:11)
  A rime drake (Lair:4)
  8 spiny frogs
  7 komodo dragons
  A polar bear (shapeshifter) (D:15)
  3 trolls
  4 wind drakes
  11 merfolk
  11 blink frogs
  2 snapping turtles
  2 hornets
  A saltling (Elf:2)
  8 slime creatures
  3 dream sheep
  11 hippogriffs
  3 air elementals
  4 wyverns
  5 fire elementals (Elf:1)
  41 yaks
  6 water elementals
  3 shadows
  A hungry ghost (D:13)
  2 basilisks
  11 humans (D:13)
  A spatial vortex (D:13)
  A warg (Orc:2)
  A hell hound (Elf:1)
  3 nagas (Snake:1)
  7 porcupines
  9 water moccasins
  An ice beast (D:9)
  17 orc warriors
  5 phantoms
  A necrophage (D:13)
  A sky beast (D:13)
  A meliai simulacrum (D:11)
  6 ogres
  2 eyes of draining
  8 wolves
  4 centaurs
  12 crocodiles
  3 big kobolds
  11 bullfrogs
  A scorpion (D:11)
  A water moccasin skeleton (D:4)
  3 killer bees
  4 wights
  7 howler monkeys
  3 crimson imps
  5 bullfrog skeletons
  2 jellies
  19 orc wizards
  2 bullfrog zombies (D:7)
  2 hounds
  10 orc priests
  Jessica (D:3)
  7 iguanas
  10 worker ants
  A hound zombie (D:7)
  2 hound skeletons (D:4)
  2 worker ant zombies
  A gnoll (D:3)
  7 adders
  2 shadow imps
  2 worms
  A dart slug (D:4)
  9 leopard geckos
  46 orcs
  7 giant cockroaches
  3 goblins
  3 hobgoblins
  7 jackals
  2 quokkas
  3 ball pythons
  6 bats
  13 frilled lizards
  A jackal skeleton (D:9)
  12 kobolds
  3 leopard gecko skeletons
  5 rats
  10 fungi
  16 plants
607 creatures vanquished.

Vanquished Creatures (collateral kills)
  Polyphemus (Shoals:2)
  Roxanne (Shoals:1)
  A deep elf sorcerer (Elf:1)
  Azrael (Elf:1)
  The ghost of Paps the Cleaver, a journeyman MiFi of Gozag (D:13)
  An ettin (D:11)
  A merfolk javelineer (Shoals:2)
  2 merfolk impalers
  9 hydras
  A great orb of eyes (Slime:1)
  4 naga warriors (Snake:1)
  4 catoblepae
  A tengu warrior (D:15)
  2 satyrs
  2 anacondas (Snake:1)
  2 merfolk avatars (Shoals:2)
  6 two-headed ogres
  7 dancing weapons
  10 death yaks
  A naga sharpshooter (Snake:1)
  An ogre mage (D:15)
  2 orc high priests (Orc:2)
  Urug (D:10)
  2 salamander mystics (Snake:1)
  10 deep elf knights
  A hell knight (D:15)
  2 skeletal warriors (D:15)
  An unseen horror (D:13)
  7 sea snakes
  A wizard (D:15)
  2 necromancers (D:13)
  A naga ritualist (Snake:1)
  4 deep elf archers
  An ironbrand convoker (Elf:2)
  4 orc knights
  A harpy (Shoals:1)
  5 orc sorcerers
  A shining eye (Slime:1)
  4 cyclopes
  20 deep elf magi
  An oklob plant (Lair:3)
  A mana viper (Snake:1)
  4 manticores
  2 fauns (Shoals:2)
  13 ugly things
  A salamander (Snake:1)
  Maurice (D:9)
  Joseph (D:8)
  6 black mambas
  2 water nymphs (Shoals:1)
  8 merfolk sirens
  2 guardian serpents
  A naga mage (D:15)
  2 gargoyles
  A kobold demonologist (D:11)
  2 centaur skeletons
  2 komodo dragons
  3 spiny frogs
  4 yaktaurs (D:15)
  A redback zombie (D:15)
  A rime drake (Lair:6)
  17 merfolk
  A tengu conjurer (D:15)
  2 wind drakes
  4 trolls
  A polar bear (Lair:3)
  Grinder (D:6)
  A saltling (Elf:2)
  5 slime creatures (Slime:1)
  2 snapping turtles (Shoals:1)
  A dream sheep (Shoals:2)
  7 blink frogs
  7 hippogriffs
  A wyvern (D:8)
  Eustachio (D:6)
  17 yaks
  A water elemental (Shoals:1)
  2 wraiths
  7 humans (D:13)
  A fire elemental (Elf:1)
  Grum (D:9)
  A vampire mosquito (D:11)
  A steam dragon (D:10)
  3 basilisks
  2 wargs
  6 nagas
  An acid dragon (D:14)
  A water moccasin (Lair:4)
  2 hell hounds (Elf:1)
  2 porcupines
  2 sky beasts
  13 orc warriors
  3 ice beasts
  2 necrophages
  14 ogres
  An eye of draining (D:9)
  A wolf (D:9)
  6 centaurs
  9 crocodiles
  Blork the orc (D:6)
  A big kobold (D:11)
  3 bullfrogs
  The ghost of CalmDownMonkey the Vexing, an amateur SpEn of Nemelex Xobeh (D:3)
  A scorpion (D:11)
  10 killer bees
  15 wights
  A howler monkey (D:13)
  An electric eel (Lair:3)
  3 crimson imps
  4 centaur zombies
  A bullfrog zombie (D:11)
  3 jellies
  15 orc priests
  13 orc wizards
  5 worker ants
  7 iguanas
  2 gnolls (D:3)
  4 adders
  A shadow imp (D:6)
  An adder skeleton (D:8)
  A worm (D:4)
  A dart slug (D:1)
  3 leopard geckos
  49 orcs
  9 bats
  2 giant cockroaches (D:2)
  3 hobgoblins
  11 jackals
  9 kobolds
  4 quokkas
  5 frilled lizards
  5 goblins
  2 rats
  10 fungi
  5 plants
  4 tentacles (Shoals:2)
554 creatures vanquished.

Vanquished Creatures (others)
  An orc warlord (Orc:2)
  An orc high priest (Orc:2)
  A deep elf knight (Elf:1)
  An orange crystal statue (Shoals:1)
  A merfolk (Shoals:2)
  A troll (D:11)
  A yak (D:8)
  An orc warrior (Orc:1)
  64 hexers
  A wight (D:9)
  15 ancestors
  An orc wizard (D:9)
  2 bushes (Lair:3)
  28 fungi
  9 plants
  45 tentacles (Shoals:2)
173 creatures vanquished.

Grand Total: 1334 creatures vanquished

Notes
Turn   | Place    | Note
-------+----------+-------------------------------------------
     0 | D:1      | Hybris the Barachi Summoner began the quest for the Orb.
     0 | D:1      | Reached XP level 1. HP: 13/13 MP: 3/3
    38 | D:1      | Reached skill level 5 in Summonings
   572 | D:1      | Reached XP level 2. HP: 15/19 MP: 0/5
   576 | D:1      | Learned a level 2 spell: Call Imp
   593 | D:1      | Found a sparkling altar of Nemelex Xobeh.
  2347 | D:2      | Reached XP level 3. HP: 23/24 MP: 0/6
  2812 | D:2      | Learned a level 3 spell: Call Canine Familiar
  3202 | D:2      | Reached skill level 6 in Summonings
  3216 | D:3      | Noticed CalmDownMonkey's ghost (amateur SpEn)
  3229 | D:2      | Reached XP level 4. HP: 18/30 MP: 3/7
  3518 | D:3      | Killed CalmDownMonkey's ghost
  3785 | D:3      | Reached XP level 5. HP: 21/35 MP: 1/8
  4042 | D:3      | Reached skill level 7 in Summonings
  4427 | D:3      | Found a shimmering altar of Xom.
  4440 | D:3      | Noticed Jessica
  4447 | D:3      | Killed Jessica
  4578 | D:3      | Reached XP level 6. HP: 41/41 MP: 2/9
  4581 | D:3      | Reached skill level 1 in Armour
  4824 | D:3      | Learned a level 3 spell: Summon Guardian Golem
  5005 | D:4      | Found a staircase to the Ecumenical Temple.
  5672 | D:4      | Reached XP level 7. HP: 46/46 MP: 11/11
  6471 | D:4      | Reached skill level 5 in Armour
  6499 | D:5      | Entered Level 5 of the Dungeon
  6714 | D:5      | Found an opulent altar of Gozag.
  7594 | D:5      | Learned a level 4 spell: Summon Lightning Spire
  7612 | D:6      | Noticed Grinder
  7631 | D:6      | Reached XP level 8. HP: 28/52 MP: 13/14
  7631 | D:6      | Paralysed by Grinder for 3 turns
  7640 | D:6      | Killed Grinder
  7838 | D:6      | Noticed Blork the orc
  7889 | D:6      | Killed Blork the orc
  8054 | D:6      | Reached skill level 1 in Air Magic
  8369 | D:6      | Noticed Eustachio
  8404 | D:6      | Killed Eustachio
  8404 | D:6      | Reached skill level 1 in Fighting
  8445 | D:6      | Found an iron altar of Okawaru.
  8904 | D:6      | Found a basalt altar of Yredelemnul.
  8906 | D:6      | Found a white marble altar of Elyvilon.
  8906 | D:6      | Found a hide-covered altar of Uskayaw.
  8907 | D:6      | Found a shimmering altar of Xom.
  8907 | D:6      | Found an iron altar of Okawaru.
  8907 | D:6      | Found a glowing golden altar of the Shining One.
  8913 | D:6      | Reached skill level 1 in Shields
  9165 | D:7      | Reached XP level 9. HP: 55/62 MP: 16/16
  9176 | D:7      | Reached skill level 5 in Air Magic
 10129 | D:7      | Learned a level 4 spell: Summon Ice Beast
 10134 | D:7      | Found a burning altar of Makhleb.
 10137 | D:7      | Found a glowing golden altar of the Shining One.
 10139 | D:7      | Found a shadowy altar of Dithmenos.
 10140 | D:7      | Found a basalt altar of Yredelemnul.
 10140 | D:7      | Found a hide-covered altar of Uskayaw.
 10140 | D:7      | Found a bloodstained altar of Trog.
 10140 | D:7      | Found a shattered altar of Ashenzari.
 10143 | D:7      | Found an ornate altar of the Wu Jian Council.
 10145 | D:7      | Found a white marble altar of Elyvilon.
 10327 | D:8      | Noticed a two-headed ogre
 10724 | D:8      | Reached skill level 5 in Shields
 10731 | D:8      | Noticed a two-headed ogre
 10793 | D:8      | Killed a two-headed ogre
 10945 | D:8      | Killed a two-headed ogre
 11014 | D:8      | Reached XP level 10. HP: 59/68 MP: 8/17
 11145 | D:8      | Noticed Joseph
 11514 | D:8      | Reached skill level 5 in Spellcasting
 11546 | D:8      | Killed Joseph
 12176 | D:8      | Reached skill level 8 in Summonings
 12228 | D:8      | Noticed a two-headed ogre
 12420 | D:7      | Killed a two-headed ogre
 12489 | D:8      | Reached skill level 1 in Maces & Flails
 12931 | D:9      | Found an ornate altar of the Wu Jian Council.
 12975 | D:9      | Noticed Grum
 12983 | D:9      | Reached skill level 9 in Summonings
 12990 | D:9      | Killed Grum
 13007 | D:9      | Noticed a two-headed ogre
 13022 | D:9      | Killed a two-headed ogre
 13337 | D:9      | Noticed a two-headed ogre
 13346 | D:9      | Killed a two-headed ogre
 13346 | D:9      | Reached skill level 5 in Fighting
 13608 | D:9      | Reached skill level 10 in Summonings
 13623 | D:9      | Reached XP level 11. HP: 48/80 MP: 16/20
 13837 | D:9      | Noticed Maurice
 13850 | D:9      | Killed Maurice
 14594 | D:10     | Entered Level 10 of the Dungeon
 14700 | D:10     | Noticed a green ugly thing
 14711 | D:10     | Killed a green ugly thing
 14763 | D:10     | Noticed Urug
 14776 | D:10     | Killed Urug
 14931 | D:10     | Reached skill level 11 in Summonings
 14941 | D:10     | Found a staircase to the Orcish Mines.
 14988 | D:10     | Found a staircase to the Lair.
 15235 | D:10     | Found Sobb's Food Shop.
 15446 | D:11     | Noticed a red ugly thing
 15723 | D:10     | Killed a red ugly thing
 15924 | D:11     | Reached skill level 5 in Maces & Flails
 16311 | D:11     | Found a large runed door.
 16323 | D:11     | Noticed a four-headed hydra
 16341 | D:11     | Killed a four-headed hydra
 16572 | D:11     | Found a large runed door.
 17032 | D:11     | Reached skill level 12 in Summonings
 17114 | D:11     | Found a shadowy altar of Dithmenos.
 17114 | D:11     | Noticed a phantasmal warrior
 17138 | D:11     | Gained mutation: Your mind is acute. (Int +2) [potion of mutation]
 17138 | D:11     | Gained mutation: Your muscles are strong. (Str +2) [potion of mutation]
 17138 | D:11     | Gained mutation: You have sharp fingernails. [potion of mutation]
 17141 | D:11     | Killed a phantasmal warrior
 17141 | D:11     | Reached XP level 12. HP: 35/91 MP: 12/23
 17418 | D:11     | Found a deep blue altar of Sif Muna.
 17418 | D:11     | Noticed an ettin
 17442 | D:11     | Killed an ettin
 17733 | Temple   | Entered the Ecumenical Temple
 18051 | Temple   | Became a worshipper of Hepliaklqana the Forgotten
 18225 | Orc:1    | Entered Level 1 of the Orcish Mines
 18693 | Orc:2    | Entered Level 2 of the Orcish Mines
 19038 | Orc:2    | Found a staircase to the Elven Halls.
 19516 | Orc:2    | Found Fifogiar's Magic Scroll Boutique.
 19547 | Orc:2    | Noticed an orc high priest
 19549 | Orc:2    | Noticed an orc high priest
 19552 | Orc:2    | Noticed an orc high priest
 19662 | Orc:2    | Noticed an orc warlord
 19974 | Orc:2    | Killed an orc warlord
 19974 | Orc:2    | Reached skill level 13 in Summonings
 20733 | Orc:2    | Killed an orc high priest
 20932 | Orc:2    | Paralysed by an orc sorcerer for 7 turns
 21246 | Orc:2    | Killed an orc high priest
 21507 | Orc:2    | Paralysed by an orc sorcerer for 7 turns
 21532 | Orc:2    | Killed an orc high priest
 21778 | Orc:2    | Found Tacvaimi's Assorted Antiques.
 21787 | Orc:2    | Found Xokimn's Gadget Emporium.
 21796 | Orc:2    | Found Xahek's Antique Armour Emporium.
 21847 | Orc:2    | Bought a translucent scale mail for 279 gold pieces
 21847 | Orc:2    | Bought a brightly glowing ring mail for 279 gold pieces
 21847 | Orc:2    | Identified the +9 scale mail "Ykhujy" {rC+} (You bought it in a shop on level 2 of the Orcish Mines)
 21848 | Orc:2    | Identified the +1 ring mail of Faepn {-Cast Str+5} (You bought it in a shop on level 2 of the Orcish Mines)
 21853 | Orc:2    | Bought a scroll of immolation for 49 gold pieces
 21853 | Orc:2    | Bought a scroll of vulnerability for 105 gold pieces
 21853 | Orc:2    | Bought a scroll of blinking for 105 gold pieces
 21853 | Orc:2    | Bought a scroll of enchant armour for 105 gold pieces
 21853 | Orc:2    | Bought a scroll of fear for 49 gold pieces
 21853 | Orc:2    | Bought a scroll of silence for 105 gold pieces
 21853 | Orc:2    | Bought a scroll of fear for 49 gold pieces
 22879 | Lair:1   | Entered Level 1 of the Lair of Beasts
 23374 | Lair:1   | Reached * piety under Hepliaklqana
 23434 | Lair:1   | Gained mutation: You can hop longer distances. [Barachi growth]
 23434 | Lair:1   | Reached XP level 13. HP: 75/90 MP: 24/26
 24389 | Lair:2   | Reached skill level 10 in Armour
 24405 | Lair:2   | Reached ** piety under Hepliaklqana
 24435 | Lair:2   | Remembered your ancestor Culocane II as a hexer
 24518 | Lair:2   | Reached skill level 10 in Fighting
 24782 | Lair:3   | Found a staircase to the Snake Pit.
 25389 | Lair:3   | Found a staircase to the Shoals.
 25876 | Lair:3   | Reached *** piety under Hepliaklqana
 27819 | Lair:5   | Reached XP level 14. HP: 95/101 MP: 27/27
 28432 | Lair:5   | Found a staircase to the Slime Pits.
 28433 | Lair:5   | Found a viscous altar of Jiyva.
 29074 | Lair:6   | Entered Level 6 of the Lair of Beasts
 29161 | Lair:6   | Reached skill level 5 in Ice Magic
 29338 | Lair:6   | Found a snail-covered altar of Cheibriados.
 29347 | Lair:6   | Reached **** piety under Hepliaklqana
 29372 | Lair:6   | Reached skill level 10 in Maces & Flails
 31123 | Lair:6   | Identified The Arcane Arts Continued
 31644 | D:12     | Found Foskesm's Assorted Antiques.
 32341 | D:13     | Noticed Paps's ghost (journeyman MiFi)
 32629 | D:13     | Reached XP level 15. HP: 84/109 MP: 28/28
 32672 | D:13     | Killed Paps's ghost
 32672 | D:13     | Reached skill level 1 in Invocations
 32797 | D:13     | Learned a level 7 spell: Summon Hydra
 32803 | D:13     | Learned a level 5 spell: Summon Mana Viper
 32879 | D:13     | Got a scorched long sword
 32909 | D:13     | Found a gate to the Vaults.
 32998 | D:13     | Identified the +9 long sword of the Middle {pain, MR+ Str+7} (You found it on level 13 of the Dungeon)
 33044 | D:13     | Reached skill level 5 in Invocations
 33062 | D:13     | Reached skill level 1 in Long Blades
 33167 | D:13     | Learned a level 1 spell: Summon Butterflies
 34163 | D:15     | Entered Level 15 of the Dungeon
 34250 | D:15     | Reached skill level 14 in Summonings
 34518 | D:15     | Reached ***** piety under Hepliaklqana
 34912 | D:15     | Reached skill level 5 in Long Blades
 35225 | D:15     | Found Yhyny's Serpentskin Sales.
 35311 | D:15     | Found a staircase to the Depths.
 35993 | Shoals:1 | Entered Level 1 of the Shoals
 39044 | D:10     | Reached skill level 15 in Summonings
 39245 | D:12     | Bought a papyrus book for 585 gold pieces
 39765 | Elf:1    | Entered Level 1 of the Elven Halls
 39880 | Elf:1    | Found an ancient bone altar of Kikubaaqudgha.
 39951 | Elf:1    | Found Fant's Jewellery Emporium.
 40108 | Elf:1    | Reached XP level 16. HP: 99/116 MP: 17/29
 40481 | Elf:1    | Noticed Donald
 40510 | Elf:1    | Noticed Azrael
 42114 | Slime:1  | Entered Level 1 of the Pits of Slime
 42163 | Slime:1  | Lost mutation: Your muscles are strong. (Str +2) [a shining eye]
 42355 | Slime:1  | Noticed an acid blob
 42358 | Slime:1  | Reached skill level 16 in Summonings
 43007 | Shoals:1 | Noticed Roxanne
 43587 | Shoals:1 | Reached skill level 10 in Long Blades
 43833 | Shoals:1 | Killed Roxanne
 43887 | Shoals:1 | Identified Roxanne's Incunabulum of Transmigration (You took it off Roxanne on level 1 of the Shoals)
 44357 | Shoals:1 | Noticed Louise
 44421 | Shoals:1 | Killed Louise
 46106 | Shoals:2 | Noticed Frances
 46128 | Shoals:2 | Killed Frances
 46463 | Shoals:2 | Reached skill level 17 in Summonings
 47240 | Shoals:2 | Noticed Polyphemus
 47847 | Shoals:2 | Killed Polyphemus
 48312 | Shoals:2 | Noticed a kraken
 48610 | Shoals:3 | Noticed Mara
 48698 | Snake:1  | Entered Level 1 of the Snake Pit
 48857 | Snake:1  | Reached XP level 17. HP: 108/121 MP: 30/30
 50581 | Lair:3   | Learned a level 2 spell: Passwall
 51038 | Elf:1    | Killed Azrael
 51109 | Orc:2    | Reached skill level 18 in Summonings
 52138 | Elf:1    | Killed Donald
 52575 | Elf:2    | Found a ruined gateway.
 53798 | Elf:2    | Found a runed gate.
 53798 | Elf:2    | Found a runed gate.
 53798 | Elf:2    | Found a runed gate.
 54124 | Elf:2    | Reached skill level 10 in Spellcasting
 54488 | Elf:2    | HP: 4/181 [vampiric glaive (20)]
 55316 | D:10     | Bought a meat ration for 60 gold pieces
 55316 | D:10     | Bought 4 fruits for 72 gold pieces
 55316 | D:10     | Bought a bread ration for 60 gold pieces
 55316 | D:10     | Bought a bread ration for 60 gold pieces
 55316 | D:10     | Bought a royal jelly for 24 gold pieces
 55316 | D:10     | Bought 3 fruits for 54 gold pieces
 55316 | D:10     | Bought a meat ration for 60 gold pieces
 55316 | D:10     | Bought a bread ration for 60 gold pieces
 55316 | D:10     | Bought a royal jelly for 24 gold pieces
 55316 | D:10     | Bought a bread ration for 60 gold pieces
 59673 | Shoals:3 | Noticed Hybris's illusion
 60051 | Shoals:2 | Lost mutation: Your mind is acute. (Int +2) [potion of mutation]
 60051 | Shoals:2 | Lost mutation: You have sharp fingernails. [potion of mutation]
 60051 | Shoals:2 | Gained mutation: You have very sharp teeth. [potion of mutation]
 60051 | Shoals:2 | Gained mutation: You have sharp toenails. [potion of mutation]
 60051 | Shoals:2 | Gained mutation: You have razor-sharp toenails. [potion of mutation]
 60054 | Shoals:2 | HP: 6/122 [poisoned by a sea snake]
 60055 | Shoals:2 | Lost mutation: You have razor-sharp toenails. [potion of mutation]
 60055 | Shoals:2 | Gained mutation: Your mind is acute. (Int +2) [potion of mutation]
 60056 | Shoals:2 | Lost mutation: Your mind is acute. (Int +2) [potion of mutation]
 60056 | Shoals:2 | Lost mutation: You have sharp toenails. [potion of mutation]
 60056 | Shoals:2 | Gained mutation: You are partially covered in rugged brown scales. (AC +1, +3% HP) [potion of mutation]
 60056 | Shoals:2 | Gained mutation: You are agile. (Dex +2) [potion of mutation]
 60056 | Shoals:2 | Gained mutation: Your spells are a little harder to cast, but a little more powerful. [potion of mutation]
 60057 | Shoals:2 | HP: 2/126 [poisoned by a sea snake]
 60058 | Shoals:2 | Succumbed to a sea snake's poison

Vault maps used:
D:1:      tarquinn_simple_flora_water_c, kennysheep_another_room,
          minmay_misc_feat_roman, nemelex_xobeh_ov_fountains_minmay
D:2:      first_bread
D:3:      overflow_temple_1_default, uniq_jessica
D:4:      temple_hall, wad_rectangle_vault
D:5:      overflow_temple_1_default
D:6:      okawaru_trees_2, doesnt_xom_only_xom, uniq_grinder,
          uniq_blork_the_orc, uniq_eustachio
D:7:      minitemple
D:8:      uniq_joseph
D:9:      basic_altar, grunt_ogre_cave, uniq_maurice, uniq_grum
D:10:     grunt_lair_entry_orc_guard_hut, orc_0_dummy, serial_shops,
          kennysheep_little_box, minmay_misc_feat_pillars, uniq_urug
D:11:     lab_entry_generic, jmf_multi_god_temple2
D:12:     serial_shops, nicolae_shop_temple_entry_statues_fountains
D:13:     grunt_vaults_entry_tiered
D:15:     hangedman_depths_entry_civil_slaughter, nicolae_wwwww,
          guppyfry_shop_venom
Temple:   compressed_dpeg_triangle_lava_temple
Lair:3:   elwin_shoals_entry_rooms, guppyfry_snake_entry_garden,
          grunt_megastairs_5
Lair:4:   lemuel_reptile_caves, grunt_megastairs_1
Lair:5:   slime_altar_1, columned_hall_lemuel
Lair:6:   evilmike_catoblepas_cave, basic_altar, infiniplex_staircase_pool
Shoals:1: dpeg_stationary_puzzle, uniq_louise, uniq_roxanne
Shoals:2: uniq_polyphemus, uniq_frances
Shoals:3: uniq_mara
Snake:1:  spider_trap
Orc:1:    lightli_volcano_entry_magma_tube
Orc:2:    st_orc_elflike
Elf:1:    eino_elf_arrival_customs, serial_shops, shop, basic_altar,
          uniq_donald, uniq_azrael
Elf:2:    portal_desolation_entry_nicolae_nacl

Skill      XL: |  1  2  3  4  5  6  7  8  9 10 11 12 13 14 15 16 17 |
---------------+----------------------------------------------------+-----
Summonings     | 5 6 7 10 12 13 15 17 18 | 18.0
Dodging        | 3 |  3.9
Armour         | 3 6 7 8 12 | 12.4
Spellcasting   | 3 4 6 7 9 10 | 10.2
Air Magic      | 4 6 |  6.3
Fighting       | 2 5 7 9 11 12 13 | 13.0
Shields        | 1 8 9 |  9.9
Maces & Flails | 3 5 7 9 12 | 12.6
Ice Magic      | 5 |  5.7
Invocations    | 5 |  5.0
Long Blades    | 8 12 14 | 14.4
Stealth        | |  1.7

Action                   |  1- 3 |  4- 6 |  7- 9 | 10-12 | 13-15 | 16-18 || total
-------------------------+-------+-------+-------+-------+-------+-------++-------
Melee: Unarmed           |   225 |       |       |       |       |       ||   225
       Short sword       |    38 |       |       |       |       |       ||    38
       Spear             |     9 |   201 |    34 |       |       |       ||   244
       Morningstar       |       |       |   228 |    49 |       |       ||   277
       Whip              |       |       |       |   509 |   944 |       ||  1453
       Long sword        |       |       |       |       |   416 |   916 ||  1332
 Cast: Summon Small Mamm |    30 |     3 |    29 |    13 |    13 |     1 ||    89
       Call Imp          |    22 |    10 |    13 |     9 |    13 |    18 ||    85
       Call Canine Famil |     3 |     8 |    25 |       |     3 |    11 ||    50
       Summon Lightning  |       |       |    22 |    86 |    82 |   140 ||   330
       Summon Guardian G |       |       |     2 |    22 |    21 |    58 ||   103
       Summon Ice Beast  |       |       |     3 |   106 |   135 |   106 ||   350
       Summon Butterflie |       |       |       |       |    10 |    18 ||    28
       Summon Mana Viper |       |       |       |       |     5 |    29 ||    34
       Summon Hydra      |       |       |       |       |     1 |    15 ||    16
Invok: Recall Ancestor   |       |       |       |     1 |     5 |     3 ||     9
       Ancestor Identity |       |       |       |     1 |       |       ||     1
       Transference      |       |       |       |       |     1 |       ||     1
       Ancestor Life: He |       |       |       |       |     1 |       ||     1
       Idealise          |       |       |       |       |     4 |     2 ||     6
 Abil: Hop               |       |       |     2 |     9 |     3 |    17 ||    31
Evoke: Wand              |       |       |       |     6 |     1 |     8 ||    15
       Lamp of fire      |       |       |       |       |       |     1 ||     1
  Use: Scroll            |     3 |     2 |     7 |    15 |    15 |    13 ||    55
       Potion            |     1 |       |     1 |     6 |     9 |    27 ||    44
 Stab: Distracted        |     1 |     2 |     1 |     3 |    17 |    16 ||    40
       Sleeping          |     4 |       |       |     3 |       |       ||     7
       Confused          |       |       |       |       |     9 |       ||     9
       Paralysed         |       |       |       |       |    50 |    38 ||    88
       Petrified         |       |       |       |       |       |     6 ||     6
  Eat: Chunk             |    11 |    10 |    20 |    35 |    41 |    48 ||   165
       Fruit             |       |       |     3 |     1 |       |     4 ||     8
       Bread ration      |       |       |     1 |     3 |     6 |    12 ||    22
       Royal jelly       |       |       |       |     3 |     2 |     3 ||     8
       Meat ration       |       |       |       |     1 |     1 |     5 ||     7
Armor: Robe              |    24 |       |    20 |       |       |       ||    44
       Leather armour    |   104 |    15 |    53 |   116 |     8 |       ||   296
       Scale mail        |       |    60 |    68 |    14 |   567 |   593 ||  1302
       Skin              |       |       |     7 |     2 |       |    61 ||    70
Dodge: Dodged            |   305 |    91 |   168 |   259 |   438 |   351 ||  1612
Block: Other             |       |    11 |    20 |       |       |       ||    31
       Buckler           |       |       |    70 |   227 |   386 |   159 ||   842
       Reflection        |       |       |     2 |     5 |     1 |       ||     8
       Shield            |       |       |       |       |       |   245 ||   245
       Rpst.: Long sword |       |       |       |       |    33 |    82 ||   115
